 Dungeon Crawl Stone Soup version 0.18.1-8-gdd0e5ea (webtiles) character file.

1187 swiechu the Grappler (level 8, -7/79 HPs)
             Began as a Troll Monk on May 25, 2016.
             Mangled by a tengu warrior
             ... wielding a +0 glaive
              (17 damage)
             ... on level 5 of the Dungeon.
             The game lasted 00:05:38 (2589 turns).

swiechu the Grappler (Troll Monk)                   Turns: 2589, Time: 00:05:38

Health: -7/79      AC:  5    Str: 22    XL:     8   Next: 19%
Magic:  0/7        EV: 11    Int:  6    God:
Gold:   151        SH:  0    Dex: 12    Spells: 0 memorised, 7 levels left

rFire  . . .     SeeInvis .       - Unarmed
rCold  . . .     Gourm    +     a - +0 robe
rNeg   . . .     Faith    .     (no shield)
rPois  .         Spirit   +     (helmet restricted)
rElec  .         Dismiss  .     (no cloak)
rCorr  .         Reflect  .     (gloves unavailable)
SustAt .         Harm     .     (boots unavailable)
MR     .....                    g - amulet of guardian spirit
Stlth  +.........               (no ring)
                                (no ring)

@: not resistant to hostile enchantments, very unstealthy
A: unfitting armour, claws 3, fast metabolism 3, gourmand, regeneration 2,
shaggy fur 1, tough skin 2
a: no special abilities


You were on level 5 of the Dungeon.
You were completely stuffed.

You visited 1 branch of the dungeon, and saw 5 of its levels.

You collected 151 gold pieces.

Inventory:

Armour
 a - a +0 robe (worn)
Jewellery
 g - an amulet of guardian spirit (around neck)
Scrolls
 c - a scroll of random uselessness {unknown}
 d - 6 scrolls of identify {unknown}
 h - 2 scrolls of remove curse
 j - a scroll of amnesia {unknown}
 m - 2 scrolls of enchant weapon {unknown}
 n - a scroll of enchant armour {unknown}
 o - a scroll of blinking {unknown}
 r - a scroll of noise {unknown}
 u - 2 scrolls of teleportation {unknown}
 v - a scroll of immolation {unknown}
Potions
 e - 4 potions of brilliance {unknown}
 f - 5 potions of curing {unknown}
 k - a potion of cure mutation {unknown}
 l - a potion of might {unknown}
 s - a potion of heal wounds {unknown}
 w - a potion of degeneration {unknown}
 x - a potion of haste {unknown}
Comestibles
 b - 6 bread rations
 i - a slice of pizza
 p - 3 meat rations
 q - a chunk of flesh
 t - 2 beef jerkies


   Skills:
 + Level 4.6 Fighting
 + Level 4.0 Dodging
 - Level 1.1 Stealth
 * Level 8.6 Unarmed Combat


You had 7 spell levels left.
You didn't know any spells.

Dungeon Overview and Level Annotations

Branches:
Dungeon (5/15)
 Temple: D:4-7

Altars:
Cheibriados
Gozag
Okawaru
Sif Muna
Vehumet


Innate Abilities, Weirdness & Mutations

You are too large for most types of armour.
You have claws for hands.
Your metabolism is lightning-fast.
You like to eat raw meat.
You heal very quickly.
You are covered in fur (AC +1).
You have very tough skin (AC +2).


Message History

The tengu warrior closely misses you.
You barely miss the tengu warrior. You mangle the tengu warrior!!
The tengu warrior is moderately wounded.
The tengu warrior barely misses you. The tengu warrior pecks you.
The tengu warrior claws you.
You claw the tengu warrior! Your claw misses the tengu warrior.
The tengu warrior is heavily wounded.
The tengu warrior hits you with a glaive!!
* * * LOW HITPOINT WARNING * * *
The tengu warrior pecks you.
* * * LOW HITPOINT WARNING * * *
The tengu warrior claws you.
* * * LOW HITPOINT WARNING * * *
You closely miss the tengu warrior.
The tengu warrior is heavily wounded.
You miss the tengu warrior.
The tengu warrior is heavily wounded.
The tengu warrior hits you with a glaive!
You die...

#..(.......###......
................o...
..............o.....
....................
..........Q.........
........####........ ..
##......# #........ #.#
#....##Q# .........
#.##.... #@# ........p
#.....###.# .........
###.....#...# .........
#...........#.....
###....[.............
#...._...##..........
#.#.....#####..........
#......# ##..........
##.....# #...........


You could see a tengu warrior.

Vanquished Creatures
  Pikel (D:4)
  2 slaves
  The ghost of Gargoyl the Skirmisher, an amateur DsAK of Lugonu (D:3)
  A phantom (D:5)
  An ogre (D:4)
  A centaur (D:4)
  Blork the orc (D:4)
  An orc wizard (D:4)
  An orc priest (D:3)
  A centaur skeleton (D:4)
  A giant frog skeleton (D:4)
  An iguana (D:5)
  A worker ant (D:4)
  4 adders
  An ooze (D:4)
  2 worms (D:2)
  5 dart slugs
  4 giant geckos
  9 orcs
  2 giant cockroaches
  8 goblins
  7 hobgoblins
  3 jackals (D:2)
  A quokka (D:2)
  9 bats
  11 kobolds
  11 rats
91 creatures vanquished.

Notes
Turn   | Place    | Note
--------------------------------------------------------------
     0 | D:1      | swiechu the Troll Monk began the quest for the Orb.
     0 | D:1      | Reached XP level 1. HP: 22/22 MP: 0/0
    91 | D:1      | Reached XP level 2. HP: 29/29 MP: 1/1
   653 | D:2      | Reached skill level 5 in Unarmed Combat
   663 | D:2      | Reached XP level 3. HP: 28/36 MP: 2/2
   756 | D:2      | Found an opulent altar of Gozag.
   947 | D:2      | Reached XP level 4. HP: 42/44 MP: 3/3
   987 | D:2      | Found a radiant altar of Vehumet.
  1391 | D:3      | Noticed Gargoyl's ghost (amateur DsAK)
  1421 | D:3      | Killed Gargoyl's ghost
  1421 | D:3      | Reached skill level 6 in Unarmed Combat
  1421 | D:3      | Reached XP level 5. HP: 18/53 MP: 2/4
  1891 | D:4      | Noticed Blork the orc
  1898 | D:4      | Killed Blork the orc
  1898 | D:4      | Reached XP level 6. HP: 58/61 MP: 5/5
  2002 | D:4      | Reached skill level 7 in Unarmed Combat
  2056 | D:4      | Found a snail-covered altar of Cheibriados.
  2289 | D:4      | Found a deep blue altar of Sif Muna.
  2317 | D:4      | Reached XP level 7. HP: 35/68 MP: 2/6
  2473 | D:5      | Entered Level 5 of the Dungeon
  2479 | D:5      | Noticed Pikel
  2506 | D:4      | Killed Pikel
  2506 | D:4      | Reached skill level 8 in Unarmed Combat
  2506 | D:4      | Reached XP level 8. HP: 60/79 MP: 5/7
  2545 | D:5      | Found an iron altar of Okawaru.
  2567 | D:5      | Noticed a tengu warrior
  2589 | D:5      | Mangled by a tengu warrior

Skill      XL: |  1  2  3  4  5  6  7  8 |
---------------+-------------------------+-----
Unarmed Combat | 5 6 7 8 |  8.6
Fighting       | 3 4 |  4.6
Dodging        | 3 4 |  4.0
Stealth        | |  1.1

Action                   |  1- 3 |  4- 6 |  7- 9 || total
-------------------------+-------+-------+-------++-------
Melee: Unarmed           |    98 |   117 |    32 ||   247
       Punch             |       |     3 |     1 ||     4
  Use: Scroll            |       |     1 |       ||     1
 Stab: Sleeping          |     2 |     3 |       ||     5
  Eat: Chunk             |    14 |    13 |     2 ||    29
Armor: Robe              |    63 |    19 |     8 ||    90
Dodge: Dodged            |    51 |    49 |     9 ||   109
